 Dungeon Crawl Stone Soup version 0.30-b1-2-g02819fbbbe (webtiles) character file.

Game seed: 831968809791167125

251545 Tombo the Executioner (level 18, -14/153 HPs)
             Began as a Minotaur Fighter on Oct 13, 2023.
             Was the Champion of the Shining One.
             Demolished by an azure jelly (40 damage)
             ... created by the Royal Jelly
             ... on level 4 of the Pits of Slime on Oct 16, 2023.
             The game lasted 02:58:13 (46533 turns).

Tombo the Executioner (Minotaur Fighter)           Turns: 46533, Time: 02:58:17

Health: -14/153    AC: 29    Str: 21 (22) XL:     18   Next: 94%
Magic:  0/17       EV: 20    Int:  4 (5)  God:    the Shining One [******]
Gold:   3924       SH: 15    Dex: 19 (20) Spells: 17/17 levels left

rFire   x . .        B - +8 broad axe (venom)
rCold   x x .        U - +0 kite shield {reflect}
rNeg    + + +        R - +9 plate armour {ponderous}
rPois   .            M - +0 hat "Syecivil" {Str+2 Dex+3}
rElec   .            v - +2 cloak
rCorr   +            D - +2 pair of gloves
SInv    .            p - +2 pair of boots
Will    +....        x - amulet of guardian spirit Stlth
                     X - ring of resist corrosion
HPRegen 0.00/turn    q - +5 ring of evasion
MPRegen 0.15/turn

%: reflection, guardian spirit
@: corroded, inhibited regen, glowing, unable to drink, slow
A: horns 2, retaliatory headbutt, deformed body, deterioration 1, frail 1,
inhibited regeneration, weak 1, cold vulnerability 2, heat vulnerability 1,
subdued magic 1, inability to drink after injury 1
}: 2/15 runes: decaying, gossamer
a: Renounce Religion, Divine Shield, Cleansing Flame, Summon Divine Warrior,
Brand Weapon With Holy Wrath


You were on level 4 of the Pits of Slime.
You worshipped the Shining One.
The Shining One was exalted by your worship.
You visited 7 branches of the dungeon, and saw 36 of its levels.
You visited 1 bazaar.
You also visited: Sewer and Ice Cave.

You collected 4689 gold pieces.
You spent 765 gold pieces at shops.

Inventory:

Hand Weapons
 B - a +8 broad axe of venom (weapon)
Armour
 p - a +2 pair of boots (worn)
 v - a +2 cloak (worn)
 D - a +2 pair of gloves (worn)
 M - the +0 hat "Syecivil" (worn) {Str+2 Dex+3}
   (You found it on level 2 of the Spider Nest)

   Str:       It affects your strength (+2).
   Dex:       It affects your dexterity (+3).
 R - a +9 plate armour of ponderousness (worn)
 S - a +2 hat
 U - a +0 kite shield of reflection (worn)
Jewellery
 a - an amulet of faith
 f - a ring of positive energy
 l - a ring of fire
 q - a +5 ring of evasion (right hand)
 r - a ring of willpower
 w - a ring of poison resistance
 x - an amulet of guardian spirit (around neck)
 y - a ring of ice
 I - a ring of magical power
 X - a ring of resist corrosion (left hand)
Scrolls
 b - 6 scrolls of vulnerability
 e - a scroll of blinking
 k - 4 scrolls of amnesia
 o - 11 scrolls of teleportation
 s - 4 scrolls of fog
 z - 4 scrolls of summoning
 E - 10 scrolls of magic mapping
 N - 3 scrolls of fear
 Q - 9 scrolls of identify
 V - a scroll of brand weapon
Potions
 c - 2 potions of resistance
 d - 5 potions of might
 g - 2 potions of lignification
 h - 8 potions of brilliance
 i - 5 potions of flight
 j - 9 potions of curing
 m - a potion of cancellation
 n - 8 potions of mutation
 t - 6 potions of haste
 C - a potion of attraction
 F - 3 potions of berserk rage
 G - 5 potions of invisibility
 J - 11 potions of ambrosia
 O - 5 potions of heal wounds
Miscellaneous
 u - a piece from Xom's chessboard (15/15)
 A - a phial of floods
 L - a box of beasts
 T - a tin of tremorstones (2/2)
 Y - a phantom mirror
 Z - a lightning rod (4/4)


   Skills:
 + Level 17.6 Fighting
 * Level 23.7 Axes
 + Level 17.6 Armour
 + Level 15.6 Dodging
 + Level 17.8 Shields


You had 17 spell levels left.
You didn't know any spells.
Your spell library contained the following spells:

 Spells                   Type           Power      Damage    Failure   Level
 Apportation              Tloc           0%         N/A       99%         1
 Beastly Appendage        Tmut           0%         N/A       99%         1
 Necrotise                Necr           0%         1d4       99%         1
 Summon Small Mammal      Summ           0%         N/A       99%         1
 Scorch                   Fire           0%         2d5       100%        2
 Wereblood                Tmut           0%         N/A       100%        2
 Call Canine Familiar     Summ           0%         N/A       100%        3
 Frozen Ramparts          Ice            0%         1d1       100%        3
 Portal Projectile        Hex/Tloc       0%         N/A       100%        3
 Spider Form              Tmut/Pois      0%         N/A       100%        3
 Summon Guardian Golem    Hex/Summ       0%         N/A       100%        3
 Animate Armour           Summ/Erth      0%         N/A       100%        4
 Flame Wave               Conj/Fire      0%         2d4       100%        4
 Ice Form                 Ice/Tmut       0%         N/A       100%        4
 Leda's Liquefaction      Hex/Erth       0%         N/A       100%        4
 Alistair's Intoxication  Tmut/Pois      0%         N/A       100%        5
 Blade Hands              Tmut           0%         N/A       100%        5
 Borgnjor's Vile Clutch   Necr/Erth      0%         N/A       100%        5
 Fireball                 Conj/Fire      0%         3d3       100%        5
 Freezing Cloud           Conj/Ice/Air   0%         6-21      100%        5
 Irradiate                Conj/Tmut      0%         3d11      100%        5
 Iskenderun's Battlesphe  Conj           0%         2d6       100%        5
 Conjure Ball Lightning   Conj/Air       0%         3x3d6     100%        6
 Eringya's Noxious Bog    Tmut/Pois      0%         N/A       100%        6
 Iron Shot                Conj/Erth      0%         9d1       100%        6
 Simulacrum               Ice/Necr       0%         N/A       100%        6
 Summon Cactus Giant      Summ           0%         N/A       100%        6
 Dragon Form              Tmut           0%         N/A       100%        7
 Orb of Destruction       Conj           0%         9d5       100%        7


Dungeon Overview and Level Annotations

Branches:
Dungeon (15/15)            Temple (1/1) D:6            Lair (5/5) D:10
  Swamp (4/4) Lair:3       Spider (4/4) Lair:2        Slime (5/5) Lair:4
    Orc (2/2) D:10            Elf (0/3) Orc:2        Vaults (0/5) D:13
 Depths (0/4) D:15          Sewer (visited)           IceCv (visited)

Altars:
Ashenzari
Cheibriados
Dithmenos
Elyvilon
Fedhas
Gozag
Hepliaklqana
Kikubaaqudgha
Makhleb
Nemelex Xobeh
Okawaru
Qazlal
Ru
Sif Muna
Trog
Uskayaw
Vehumet
Wu Jian
Xom
Yredelemnul
Zin
The Shining One
Lugonu

Shops:
D:10 *   Orc:2 ((((

Portals:
Abyss: Lair:5

Annotations:
Slime:5 Royal Jelly


Innate Abilities, Weirdness & Mutations

You have a pair of horns on your head.
You reflexively headbutt those who attack you in melee.
Armour fits poorly on your strangely shaped body.
Your body sometimes deteriorates upon taking damage.
You are frail. (-10% HP)
You do not regenerate when monsters are visible.
You are weak. (Str -2)
You are very vulnerable to cold. (rC--)
You are vulnerable to heat. (rF-)
Your spells are a little easier to cast, but a little less powerful.
You occasionally lose the ability to drink potions when taking damage.


Message History

The great orb of eyes gazes at you. You resist with some effort.
You feel much better.
You kill the great orb of eyes!
You block the azure jelly's attack. x2
The azure jelly hits you but does no damage. x2
The acid blob hits you!
You are splashed with acid.
You resist. You block the azure jelly's attack.
The azure jelly completely misses you. The azure jelly hits you.
The azure jelly misses you.
You hit the azure jelly but do no damage.
The azure jelly is heavily wounded.
You hit the acid blob.
Your hands burn!
The acid blob hits you!
* * * LOW HITPOINT WARNING * * *
You are splashed with acid.
You resist.
* * * LOW HITPOINT WARNING * * *
You feel much better.
The azure jelly hits you but does no damage.
The azure jelly hits you. The azure jelly freezes you!!
You feel a terrible chill!
You feel threatened and lose the ability to drink potions!
* * * LOW HITPOINT WARNING * * *
Your body deteriorates!
You feel clumsy. The azure jelly misses you. The azure jelly hits you.
* * * LOW HITPOINT WARNING * * *
The acid blob spits acid at you. The splash of acid hits you! You resist.
* * * LOW HITPOINT WARNING * * *
The azure jelly barely misses you. You furiously retaliate!
You headbutt the azure jelly! You block the azure jelly's attack.
The azure jelly hits you but does no damage.
The azure jelly misses you.
You are too injured to fight recklessly!
You slash the azure jelly!
The azure jelly is almost dead.
You hit the acid blob.
Your hands burn!
* * * LOW HITPOINT WARNING * * *
You block the acid blob's attack. The azure jelly hits you.
* * * LOW HITPOINT WARNING * * *
The azure jelly freezes you!!!
You feel a terrible chill!
You die...

.........#....#.......#..##......
.............#......######.......
.........#....#....#.### ##.<....
....>..................###.......
.........#.........#....###.#....
....................##....##.....
....^...<............#.....#.....
................J.....#....#.....
..........#.....@J...............
...........###...................
............#..................#.
.......#.#..##.........##.#######
..#..........#....#...##.##
####..^......##.......#...# #
#............##.##.....## #
##............###^.....#
##............## ##.##.##


You could see an acid blob and an azure jelly.

Vanquished Creatures
  A bone dragon (Swamp:4)
  Arachne (Spider:4)
  Rupert (Lair:4)
  Jorgrun (Spider:1)
  The ghost of mavignon the Sorcerer, an adept DrCj of Vehumet (Spider:2)
  5 acid blobs
  Kirke (Swamp:2)
  5 rockslimes
  4 azure jellies
  Donald (Orc:2)
  A fire giant (D:15)
  2 frost giants (IceCv)
  3 emperor scorpions
  Louise (Spider:1)
  3 ghost moths (Spider:4)
  6 quicksilver oozes
  2 eleionomae
  Nessos (D:12)
  Azrael (D:12)
  8 spark wasps
  4 bunyips
  A white draconian (IceCv)
  A yaktaur captain (D:13)
  Snorg (Orc:2)
  Josephine (Orc:1)
  6 entropy weavers
  A shambling mangrove (Swamp:3)
  Harold (D:9)
  4 ghost crabs
  2 catoblepae
  3 great orbs of eyes (Slime:4)
  2 ice dragons
  3 centaur warriors
  The ghost of TinSoldier the Destroyer, a journeyman DsCj of Vehumet (Lair:1)
  9 hydras
  A radroach (Spider:2)
  7 boulder beetles
  2 jorogumos
  A death scarab (Spider:3)
  7 alligators
  2 tengu warriors
  2 ironbound frosthearts (IceCv)
  3 two-headed ogres
  6 orc high priests
  9 death yaks
  3 thrashing horrors (Lair:5)
  Urug (D:13)
  Sonja (D:12)
  A skyshark (Lair:4)
  2 sun moths
  6 skeletal warriors
  3 goliath frogs
  5 pharaoh ants
  3 swamp dragons
  7 orb spiders
  6 orc knights
  2 spriggan druids
  A steelbarb worm (shapeshifter) (D:14)
  3 phantasmal warriors
  5 bog bodies
  5 spectral hydras
  An orange crystal statue (IceCv)
  8 steelbarb worms
  An oklob plant (Swamp:4)
  23 wolf spiders
  6 cyclopes
  5 deep elf pyromancers
  A moth of wrath (Spider:4)
  4 orc sorcerers (Orc:2)
  9 manticores
  6 shining eyes
  2 will-o-the-wisps (Swamp:1)
  40 ugly things
  A black mamba (Lair:5)
  A smoke demon (Lair:5)
  4 eyes of devastation
  10 demonic crawlers
  Maggie (D:7)
  A gargoyle (D:13)
  9 cane toads
  5 torpor snails
  3 yaktaurs
  Psyche (D:10)
  2 unseen horrors (D:11)
  14 rime drakes
  3 swamp worm zombies (Swamp:4)
  A tengu conjurer (D:14)
  A freezing wraith (D:14)
  4 ancient zymes (Lair:5)
  7 komodo dragons
  2 hydra zombies (Swamp:4)
  6 trolls
  5 tyrant leeches
  21 tarantellas
  6 meliai
  A troll (shapeshifter) (D:14)
  12 hornets
  12 polar bears (IceCv)
  28 blink frogs
  A spectral elephant (Lair:3)
  4 alligator zombies (Swamp:4)
  6 dream sheep (Lair:5)
  A spectral black mamba (Lair:3)
  4 spriggans
  17 culicivoras
  23 jumping spiders
  A shadow (D:11)
  34 yaks
  3 fire elementals (D:12)
  8 wyverns
  120 slime creatures
  2 vampires
  2 ynoxinuls (Lair:5)
  6 basilisks
  A hog (shapeshifter) (D:14)
  3 steam dragons
  9 wraiths
  8 golden eyes
  3 chaos spawn (Lair:5)
  3 hogs (Swamp:2)
  Grum (D:8)
  54 redbacks
  13 vampire mosquitoes
  13 swamp worms
  7 wargs
  4 acid dragons
  3 hell hounds (D:12)
  3 large abominations (Lair:5)
  7 water moccasins
  23 orc warriors
  2 sky beasts
  A spectral blink frog (Lair:3)
  A swamp drake (Swamp:1)
  4 ice beasts
  10 ogres
  A black bear (shapeshifter) (Spider:3)
  5 swamp dragon zombies (Swamp:4)
  10 wolves
  A spectral rime drake (Lair:3)
  7 centaurs
  11 small abominations (Lair:5)
  5 phantoms
  Blork the orc (D:5)
  3 kobold brigands
  7 bullfrogs
  13 wights
  A vampire bat (D:14)
  14 killer bees
  7 howler monkeys
  3 electric eels
  3 hounds
  3 jellies
  2 sleepcaps
  3 iguanas
  18 orc priests
  A gnoll bouda (D:6)
  25 orc wizards
  2 spectral swamp drakes (Swamp:4)
  4 gnolls (D:6)
  3 river rats (Sewer)
  2 swamp drake zombies (Swamp:4)
  13 adders
  A shadow imp (D:7)
  A worm (D:2)
  A dart slug (D:5)
  69 orcs
  10 ball pythons
  4 bat skeletons (D:14)
  3 bat zombies (D:14)
  8 endoplasms
  5 giant cockroaches
  11 goblins
  7 hobgoblins
  3 jackals (D:3)
  8 kobolds
  2 quokkas (D:1)
  9 bats
  8 frilled lizards
  13 rats
  A bush (Lair:5)
1187 creatures vanquished.

Vanquished Creatures (others)
  A ghost crab (Swamp:4)
  An alligator (Swamp:4)
  A wolf spider (Spider:2)
  11 bloated husks
  A polar bear (IceCv)
  A jumping spider (Spider:2)
  A culicivora (Spider:2)
  4 phantoms (Swamp:4)
  8 foxfires (Swamp:1)
  45 fungi
  47 plants
  A spectral weapon (Swamp:2)
122 creatures vanquished.

Grand Total: 1309 creatures vanquished

Notes
Turn   | Place    | Note
-------+----------+-------------------------------------------
     0 | D:1      | Tombo the Minotaur Fighter began the quest for the Orb.
     0 | D:1      | Reached XP level 1. HP: 19/19 MP: 0/0
    45 | D:1      | Reached XP level 2. HP: 27/27 MP: 1/1
   311 | D:1      | Reached skill level 3 in Axes
   311 | D:1      | Reached XP level 3. HP: 33/33 MP: 2/2
  1344 | D:3      | Reached XP level 4. HP: 38/41 MP: 3/3
  1703 | D:3      | Found a white marble altar of Elyvilon.
  1703 | D:3      | Found a glowing silver altar of Zin.
  1704 | D:3      | Found a glowing golden altar of the Shining One.
  1714 | D:3      | Became a worshipper of the Shining One
  1860 | D:3      | Found a glowing drain.
  1865 | Sewer    | Entered a sewer
  2542 | D:3      | Reached XP level 5. HP: 45/47 MP: 4/4
  3009 | D:4      | Noticed a phantom
  3015 | D:4      | Killed a phantom
  3016 | D:4      | Reached skill level 5 in Fighting
  3016 | D:4      | Reached skill level 4 in Axes
  3016 | D:4      | Reached skill level 5 in Armour
  3016 | D:4      | Reached skill level 5 in Shields
  3081 | D:4      | Found a radiant altar of Vehumet.
  3126 | D:4      | Reached XP level 6. HP: 41/56 MP: 5/5
  3559 | D:5      | Entered Level 5 of the Dungeon
  3674 | D:4      | Reached skill level 1 in Dodging
  3782 | D:5      | Reached skill level 5 in Axes
  3982 | D:5      | Noticed Blork the orc
  3992 | D:5      | Killed Blork the orc
  3993 | D:5      | Reached XP level 7. HP: 56/61 MP: 6/6
  4320 | D:5      | Reached skill level 6 in Axes
  4655 | D:6      | Found a staircase to the Ecumenical Temple.
  4659 | D:6      | Reached * piety under the Shining One
  4678 | D:6      | Reached XP level 8. HP: 54/70 MP: 7/7
  4971 | D:6      | Found a hide-covered altar of Uskayaw.
  5028 | Temple   | Entered the Ecumenical Temple
  5154 | D:6      | Reached skill level 7 in Axes
  5542 | D:6      | Found an ornate altar of the Wu Jian Council.
  5766 | D:7      | Noticed Maggie
  5900 | D:7      | HP: 3/71 [Maggie/+0 scimitar (9)]
  5901 | D:7      | Killed Maggie
  5902 | D:7      | Reached skill level 8 in Axes
  6169 | D:7      | Reached XP level 9. HP: 76/79 MP: 8/8
  6223 | D:7      | Found an opulent altar of Gozag.
  6749 | D:7      | Reached skill level 9 in Axes
  7043 | D:8      | Reached ** piety under the Shining One
  7055 | D:7      | Reached skill level 5 in Dodging
  7090 | D:8      | Found a blossoming altar of Fedhas.
  7091 | D:8      | HP: 2/81 [steam dragon] (5)]
  7777 | D:7      | Reached skill level 10 in Axes
  7896 | D:7      | Reached XP level 10. HP: 86/88 MP: 9/9
  8210 | D:8      | Noticed Grum
  8257 | D:8      | Killed Grum
  8879 | D:9      | Found a shimmering blue altar of Sif Muna.
  9394 | D:9      | Reached skill level 11 in Axes
  9466 | D:9      | Noticed an orc knight
  9466 | D:9      | Found the +8 Vampire's Tooth {megavamp}
  9467 | D:9      | Noticed a deep elf pyromancer
  9484 | D:9      | Killed an orc knight
  9487 | D:9      | HP: 3/91 [deep elf pyromancer/bolt of fire (28)]
  9489 | D:9      | Killed a deep elf pyromancer
  9717 | D:9      | Reached *** piety under the Shining One
  9748 | D:9      | Identified the +4 hand axe of Cheibriados's Pride {freeze,
                  | rF+ Int+3}
  9757 | D:9      | Identified the +7 falchion of the Furious {spect, +Blink}
  9784 | D:9      | Noticed a two-headed ogre
  9795 | D:9      | Killed a two-headed ogre
  9805 | D:9      | Reached XP level 11. HP: 97/97 MP: 10/10
  9899 | D:9      | Noticed Harold
  9937 | D:9      | Reached skill level 12 in Axes
 10158 | D:9      | Killed Harold
 10614 | D:10     | Entered Level 10 of the Dungeon
 10761 | D:10     | Found a staircase to the Lair.
 10951 | D:10     | Noticed a boulder beetle
 10981 | D:10     | Killed a boulder beetle
 11270 | D:10     | Found an iron altar of Okawaru.
 11291 | D:10     | Reached skill level 10 in Armour
 11320 | D:10     | Found Iloczeyc's Overcharged Wands.
 11474 | D:10     | Found a staircase to the Orcish Mines.
 11522 | D:10     | Found a bloodstained altar of Trog.
 11669 | D:10     | Noticed Psyche
 11685 | D:10     | Killed Psyche
 11686 | D:10     | Reached skill level 10 in Shields
 11789 | D:10     | Reached skill level 10 in Fighting
 12008 | D:10     | Found a shimmering altar of Xom.
 12324 | D:11     | Noticed a two-headed ogre
 12332 | D:11     | Noticed a purple ugly thing
 12333 | D:11     | Killed a two-headed ogre
 12334 | D:11     | Reached skill level 13 in Axes
 12341 | D:11     | Killed a purple ugly thing
 12439 | D:11     | HP: 5/100 [yaktaur/bolt (23)]
 12786 | D:11     | Noticed a deep elf pyromancer
 12791 | D:11     | Killed a deep elf pyromancer
 12944 | D:11     | Reached XP level 12. HP: 81/107 MP: 11/11
 13017 | D:11     | Reached **** piety under the Shining One
 13183 | D:11     | Reached skill level 14 in Axes
 13841 | D:11     | Identified a scroll of acquirement
 13841 | D:11     | Acquired 994 gold pieces
 14510 | Lair:1   | Entered Level 1 of the Lair of Beasts
 14744 | Lair:1   | Identified the +1 robe of Negation {rC+ Slay+2}
 14951 | Lair:1   | You fall into a shaft and drop 1 floor!
 15009 | Lair:2   | Noticed a death yak
 15011 | Lair:2   | Noticed a death yak
 15013 | Lair:2   | Noticed a death yak
 15026 | Lair:2   | Killed a death yak
 15032 | Lair:2   | Killed a death yak
 15036 | Lair:2   | Killed a death yak
 15261 | Lair:1   | Reached skill level 15 in Axes
 15363 | Lair:1   | Found a runed translucent door.
 15370 | Lair:1   | Noticed TinSoldier's ghost (journeyman DsCj)
 15386 | Lair:1   | Killed TinSoldier's ghost
 15956 | Lair:2   | Found a hole to the Spider Nest.
 16387 | Lair:2   | Noticed a four-headed hydra
 16399 | Lair:2   | Killed an 11-headed hydra
 16724 | Lair:2   | Reached XP level 13. HP: 110/116 MP: 12/12
 18386 | Lair:3   | Found a staircase to the Swamp.
 18919 | Lair:4   | Reached skill level 10 in Dodging
 18938 | Lair:4   | Found a staircase to the Slime Pits.
 19279 | Lair:4   | Noticed Rupert
 19425 | Lair:4   | Killed Rupert
 19426 | Lair:4   | Reached skill level 16 in Axes
 20392 | Lair:5   | Entered Level 5 of the Lair of Beasts
 21133 | Lair:5   | Identified the staff of conjuration "Akisy" {MP+9}
 21195 | Lair:5   | Identified the +0 flail "Dragonslayer" {heavy, *Rage rF++
                  | Will+}
 21242 | Lair:5   | Reached XP level 14. HP: 114/127 MP: 13/13
 21521 | Lair:5   | Found a corrupted altar of Lugonu.
 21521 | Lair:5   | Found a one-way gate to the infinite horrors of the Abyss.
 21603 | Lair:5   | Reached skill level 17 in Axes
 21719 | Lair:5   | Reached ***** piety under the Shining One
 23352 | Slime:1  | Entered Level 1 of the Pits of Slime
 23352 | Slime:1  | Noticed an acid blob
 23624 | Orc:1    | Entered Level 1 of the Orcish Mines
 23690 | Orc:2    | Entered Level 2 of the Orcish Mines
 23829 | Orc:2    | Noticed Josephine
 23853 | Orc:1    | Killed Josephine
 24115 | Orc:2    | Noticed Snorg
 24131 | Orc:2    | Killed Snorg
 24301 | Orc:2    | Noticed Donald
 24318 | Orc:2    | Killed Donald
 24577 | Orc:2    | Found a staircase to the Elven Halls.
 24654 | Orc:2    | Reached skill level 18 in Axes
 24661 | Orc:2    | Found Sekylea's Antique Weapon Shoppe.
 24750 | Orc:2    | Found Fayq's Antique Weapon Shop.
 24785 | Orc:2    | Found Zumysu's Weapon Shop.
 24798 | Orc:2    | Found Ciatel's Weapon Shoppe.
 24886 | Orc:1    | Reached ****** piety under the Shining One
 25758 | D:12     | Reached XP level 15. HP: 134/137 MP: 14/14
 25785 | D:12     | Noticed Sonja
 25825 | D:12     | Killed Sonja
 26158 | D:12     | Noticed Nessos
 26162 | D:12     | Noticed Azrael
 26164 | D:12     | Killed Nessos
 26185 | D:12     | Killed Azrael
 26719 | D:13     | Found a gate to the Vaults.
 27441 | D:13     | Noticed Urug
 27447 | D:13     | Killed Urug
 27672 | D:13     | Reached skill level 19 in Axes
 28311 | D:14     | Found a gateway to a bazaar.
 28403 | Bazaar   | Entered a bazaar
 28403 | Bazaar   | Found Kesippid's Armour Boutique.
 28403 | Bazaar   | Found Xess's Armour Shop.
 28403 | Bazaar   | Found Necragra's Weapon Shop.
 28415 | Bazaar   | Bought a +9 plate armour of ponderousness for 765 gold
                  | pieces
 28633 | D:14     | Found an ancient bone altar of Kikubaaqudgha.
 28797 | D:15     | Entered Level 15 of the Dungeon
 29005 | D:15     | Noticed a fire giant
 29009 | D:15     | Found a staircase to the Depths.
 29381 | D:15     | Killed a fire giant
 30118 | Spider:1 | Entered Level 1 of the Spider Nest
 30205 | Spider:1 | Noticed an emperor scorpion
 30226 | Spider:1 | Killed an emperor scorpion
 30295 | Spider:1 | Reached XP level 16. HP: 124/147 MP: 13/15
 30363 | Spider:1 | Reached skill level 15 in Shields
 30372 | Spider:1 | Noticed Louise
 30385 | Spider:1 | Noticed Jorgrun
 30392 | Spider:1 | Killed Jorgrun
 30394 | Spider:1 | Killed Louise
 30429 | Spider:1 | Reached skill level 15 in Fighting
 30429 | Spider:1 | Reached skill level 15 in Armour
 30554 | Spider:1 | Reached skill level 20 in Axes
 31912 | Spider:2 | Found a runed translucent gate.
 31912 | Spider:2 | Found a runed translucent gate.
 31913 | Spider:2 | Found a runed translucent gate.
 31915 | Spider:2 | Noticed mavignon's ghost (adept DrCj)
 31976 | Spider:2 | Killed mavignon's ghost
 32042 | Spider:2 | Identified the +0 hat "Syecivil" {Str+2 Dex+3}
 32661 | Spider:3 | Reached skill level 21 in Axes
 33175 | Spider:4 | Entered Level 4 of the Spider Nest
 33176 | Spider:4 | Noticed Arachne
 33196 | Spider:4 | Killed Arachne
 33510 | Spider:4 | Reached XP level 17. HP: 134/158 MP: 14/16
 35059 | Spider:4 | Got a gossamer rune of Zot
 35265 | Swamp:1  | Entered Level 1 of the Swamp
 36532 | Swamp:2  | Noticed Kirke
 36544 | Swamp:2  | Killed Kirke
 36545 | Swamp:2  | Reached skill level 22 in Axes
 37620 | Swamp:3  | Identified the +1 helmet "Wois" {rPois Stlth+}
 37826 | Swamp:4  | Entered Level 4 of the Swamp
 37834 | Swamp:4  | Found a frozen archway.
 38381 | IceCv    | Entered an ice cave
 39196 | IceCv    | Reached XP level 18. HP: 146/168 MP: 17/17
 39372 | IceCv    | Got the Spellbook of Hoarfrost
 39383 | IceCv    | Identified the staff of fire "Gurioj" {rF+ rC- Str+5 Dex+4}
 40769 | Swamp:4  | Reached skill level 15 in Dodging
 40790 | Swamp:4  | Noticed a bone dragon
 40813 | Swamp:4  | Killed a bone dragon
 40821 | Swamp:4  | Got a decaying rune of Zot
 41287 | Slime:1  | Gained mutation: You are vulnerable to cold. (rC-) [a
                  | shining eye]
 41773 | Lair:4   | Reached skill level 23 in Axes
 41864 | Lair:4   | Gained mutation: Your spells are a little easier to cast,
                  | but a little less powerful. [a shining eye]
 41866 | Lair:4   | Gained mutation: You are frail. (-10% HP) [a shining eye]
 42062 | Slime:1  | Gained mutation: You are very vulnerable to cold. (rC--) [a
                  | shining eye]
 42101 | Slime:1  | Gained mutation: Armour fits poorly on your strangely
                  | shaped body. [a shining eye]
 42103 | Slime:1  | Gained mutation: You are vulnerable to heat. (rF-) [a
                  | shining eye]
 42887 | Slime:2  | Gained mutation: You occasionally lose the ability to drink
                  | potions when taking damage. [a shining eye]
 42893 | Slime:1  | Gained mutation: You are weak. (Str -2) [a shining eye]
 43687 | Slime:2  | Gained mutation: You do not regenerate when monsters are
                  | visible. [a shining eye]
 44737 | Slime:4  | Paralysed by a great orb of eyes for 2 turns
 45705 | Slime:5  | Entered Level 5 of the Pits of Slime
 46012 | Slime:5  | Gained mutation: Your body sometimes deteriorates upon
                  | taking damage. [a shining eye]
 46113 | Slime:5  | Noticed the Royal Jelly
 46533 | Slime:4  | Demolished by an azure jelly

Illustrated notes

Levels and vault maps discovered:
D:1:      minmay_arrival_stone_box, layout_rooms, kennysheep_crisscross
D:2:      minmay_evil_eye, layout_basic
D:3:      layout_basic, good_gods_temple_1, portal_sewer_entry_e
D:4:      layout_rooms, overflow_temple_1_default
D:5:      layout_basic, minmay_misc_feat_diagonals, uniq_blork_the_orc
D:6:      layout_basic, lemuel_crystal_altar,
          mainiacjoe_overflow_concentric_impassable,
          minmay_temple_entry_sparse_star, chequers_avenue, nicolae_half_adder
D:7:      layout_loops_cross, nicolae_gozag_seed_capital, uniq_maggie
D:8:      layout_basic, fedhas_altar_2, uniq_grum
D:9:      minmay_the_grid_net [minmay_the_grid_dragon_a, minmay_the_grid_x,
          minmay_the_grid_broken_lines, minmay_the_grid_minigrid_small,
          minmay_the_grid_holed_spiral, minmay_the_grid_prize_diamond_cup],
          layout_loops_cross, amcnicky_altar_gilded, uniq_harold
D:10:     layout_stronghold, general_overflow_altar,
          mainiacjoe_overflow_catwalk_spiral, erik_lair_orcish_takeover,
          david_orc_2, st_stairs_2, kennysheep_cluttered_room,
          nicolae_shop_overcharged_wands, uniq_psyche
D:11:     nicolae_hexawheel, layout_loops_corners
D:12:     layout_basic, uniq_nessos, uniq_azrael, uniq_sonja
D:13:     layout_stronghold, david_vaults_2, minivault_27, uniq_urug
D:14:     layout_rooms, serial_shops, bzr_entry_water, kennysheep_vampire_church
D:15:     grunt_enter_depths_giant_problem, layout_basic
Temple:   cyrus_temple_forest
Lair:1:   layout_chaotic_city, ebering_ghost_reflecting_pool
Lair:2:   layout_roguey, spider_nest_entry_rubble,
          nicolae_quartered_pool_impasse, serial_bayou_pond_a
Lair:3:   layout_loops_ring, nicolae_swamp_entry_spooky
Lair:4:   layout_layer_cave, minmay_slime_entry_pillars, minivault_24,
          uniq_rupert
Lair:5:   hellmonk_lair_end_abyssal_woods, layout_regular_city,
          minmay_lair_drake_nest
Swamp:1:  layout_falls_marsh, evilmike_swamp_ruin_wall, swamp_pool4,
          nicolae_swamp_big_swirl
Swamp:2:  layout_falls_marsh, nicolae_swamp_fairy_circle, uniq_kirke
Swamp:3:  layout_basic_swamp, evilmike_swamp_ruin_house_3, swamp_pool3,
          roderic_carrion_pond
Swamp:4:  swamp_pestilence, layout_basic_swamp, portal_ice_cave_entry_dragon
Spider:1: layout_spider_delve, nicolae_spider_eight_legs, uniq_louise,
          uniq_jorgrun
Spider:2: layout_spider_delve, gammafunk_ghost_tricky_traps
Spider:3: layout_cave_pods, hellmonk_deceptive_appearances
Spider:4: spider_rune_water, uniq_arachne
Slime:1:  layout_caves
Slime:2:  layout_caves
Slime:3:  layout_caves, basic_altar
Slime:4:  layout_caves
Slime:5
Orc:1:    layout_caves
Orc:2:    st_orc_elflike, layout_diamond_mine, uniq_snorg, uniq_donald,
          uniq_josephine

Skill      XL: |  1  2  3  4  5  6  7  8  9 10 11 12 13 14 15 16 17 18 |
---------------+-------------------------------------------------------+-----
Fighting       | 4 5 6 7 8 9 10 11 12 13 14 15 16 17 | 17.6
Armour         | 4 5 6 7 8 9 10 11 12 13 14 15 16 17 | 17.6
Shields        | 4 5 6 7 8 9 10 11 12 13 14 16 17 | 17.8
Axes           | 3 4 5 6 8 10 11 13 15 16 18 19 21 22 23 | 23.7
Dodging        | 1 2 4 5 7 8 9 10 11 12 13 14 15 | 15.6

Action                     |  1- 3 |  4- 6 |  7- 9 | 10-12 | 13-15 | 16-18 || total
---------------------------+-------+-------+-------+-------+-------+-------++-------
  Melee: War axe           |   110 |   148 |       |       |       |       ||   258
         Headbutt          |    13 |    14 |    53 |   174 |   367 |   519 ||  1140
         Broad axe         |       |       |   206 |   547 |  1125 |  1471 ||  3349
 Invoke: Divine Shield     |       |       |       |     3 |     3 |     4 ||    10
         Cleansing Flame   |       |       |       |       |     1 |       ||     1
    Use: Scroll            |       |       |    11 |    19 |     9 |     7 ||    46
         Potion            |       |       |     4 |     5 |       |     8 ||    17
 Armour: Scale mail        |    66 |    14 |       |       |       |       ||    80
         Chain mail        |       |    53 |    53 |       |       |       ||   106
         Plate armour      |       |       |    40 |   237 |   477 |   597 ||  1351
  Dodge: Dodged            |    58 |    57 |    67 |   228 |   557 |   881 ||  1848
  Block: Buckler           |    21 |    34 |    53 |   168 |   150 |       ||   426
         Kite shield       |       |       |       |       |   414 |  1015 ||  1429
         Reflection        |       |       |       |       |    29 |    14 ||    43
